 Dungeon Crawl Stone Soup version 0.24.0-13-gcf9b3192b9 (webtiles) character file.

Game seed: 12259603151047703339, levelgen mode: classic

119 EnegeticOcto the Ducker (level 5, -1/61 HPs)
             Began as a Merfolk Necromancer on Nov 7, 2019.
             Slain by a worker ant (3 damage)
             ... on level 3 of the Dungeon.
             The game lasted 00:04:00 (2829 turns).

EnegeticOcto the Ducker (Merfolk Necromancer)       Turns: 2829, Time: 00:04:01

Health: -1/61      AC: 22    Str:  9    XL:     5   Next: 3%
Magic:  7/8        EV:  2    Int: 15    God:
Gold:   50         SH:  0    Dex: 14    Spells: 7/8 levels left

rFire    . . .     SeeInvis .   d - +0 short sword
rCold    . . .     Gourm    .   (no shield)
rNeg     + + +     Faith    .   (armour currently unavailable)
rPois    +         Spirit   .   (helmet currently unavailable)
rElec    .         Reflect  .   (cloak currently unavailable)
rCorr    .         Harm     .   (gloves currently unavailable)
MR       .....     NoTele   +   (boots currently unavailable)
Stlth    ++........             (no amulet)
HPRegen  0.20/turn              (no ring)
MPRegen  0.11/turn              (no ring)

@: lethally poisoned (-1 -> -10), tree-form, very slightly contaminated
A: (change form in water), (swift swim), (stealthy swim)
a: no special abilities


You were on level 3 of the Dungeon.
You were not hungry.
You were a tree.
You visited 1 branch of the dungeon, and saw 3 of its levels.

You collected 50 gold pieces.

Inventory:

Hand Weapons
 b - a +0 club
 d - a +0 short sword (weapon)
Missiles
 i - 29 sling bullets
 o - 9 stones (quivered)
 r - 7 javelins
Armour
 a - a +0 robe
 j - a +0 ring mail (melded)
 q - a +2 helmet (melded)
Scrolls
 k - a scroll of teleportation {@r3 !r}
Potions
 c - a potion of brilliance {unknown}
 f - a potion of heal wounds {unknown}
 l - a potion of might {unknown}
 m - 2 potions of agility {@q5 !q}
Comestibles
 e - 4 rations
 n - a chunk of flesh


   Skills:
 + Level 3.2 Fighting
 + Level 2.6 Short Blades
 - Level 4.0 Dodging
 - Level 2.1 Stealth
 - Level 2.0 Spellcasting
 - Level 3.2 Necromancy


You had 7 spell levels left.
You knew the following spells:

 Your Spells              Type           Power        Failure   Level  Hunger
a - Pain                  Necr           ##..         6%          1    #......

Your spell library contained the following spells:

 Spells                   Type           Power        Failure   Level  Hunger
 Animate Skeleton         Necr           N/A          6%          1    #......
 Vampiric Draining        Necr           ##........   17%         3    ###....
 Regeneration             Chrm/Necr      #.........   34%         3    ###....
 Animate Dead             Necr           N/A          50%         4    #####..


Dungeon Overview and Level Annotations

Branches:
Dungeon (3/15)

Altars:
Makhleb
Zin


Message History

Throwing (i - inventory. (/) - cycle)
g - 9 poisoned darts (quivered)
Press: ? - help, Shift-Dir - straight line, f/p - worker ant
Aim: a worker ant You throw a poisoned dart.
The poisoned dart hits the worker ant.
The worker ant is poisoned.
You feel sick.
The worker ant bites you but does no damage.
Throwing (i - inventory. (/) - cycle)
g - 8 poisoned darts (quivered)
Press: ? - help, Shift-Dir - straight line, f/p - worker ant
Aim: a worker ant (lightly wounded, poisoned)
You throw a poisoned dart.
The poisoned dart barely misses the worker ant.
You feel sick. The worker ant closely misses you.
Casting: Pain (safe; 16% risk of failure)
Confirm with . or Enter, or press ? or * to list all spells.
Aiming: Pain (safe; 16% risk of failure)
Press: ? - help, Shift-Dir - straight line, f/p - worker ant
Aim: a worker ant (moderately wounded, poisoned, chance to defeat MR: 73%)
The worker ant writhes in agony.
You feel sick. The worker ant bites you.
You are more poisoned.
The worker ant poisons you!
You feel sick.
Throwing (i - inventory. (/) - cycle)
g - 7 poisoned darts (quivered)
Press: ? - help, Shift-Dir - straight line, f/p - worker ant
Aim: a worker ant (severely wounded, poisoned)
You throw a poisoned dart.
The poisoned dart closely misses the worker ant.
You feel sick. The worker ant closely misses you.
The worker ant completely misses you.
You feel sick.
The worker ant looks more healthy.
You feel sick.
Throwing (i - inventory. (/) - cycle)
g - 6 poisoned darts (quivered)
Press: ? - help, Shift-Dir - straight line, f/p - worker ant
Aim: a worker ant (almost dead)
You throw a poisoned dart.
The poisoned dart barely misses the worker ant.
You feel sick.
The worker ant bites you but does no damage.
Throwing (i - inventory. (/) - cycle)
g - 5 poisoned darts (quivered)
Press: ? - help, Shift-Dir - straight line, f/p - worker ant
Aim: a worker ant (almost dead)
You throw a poisoned dart. The poisoned dart hits the worker ant.
The worker ant is almost dead.
You feel sick. The worker ant closely misses you. The worker ant bites you.
Throwing (i - inventory. (/) - cycle)
g - 4 poisoned darts (quivered)
Press: ? - help, Shift-Dir - straight line, f/p - worker ant
Aim: a worker ant (almost dead)
You throw a poisoned dart.
The poisoned dart closely misses the worker ant.
You feel sick. The worker ant barely misses you.
Throwing (i - inventory. (/) - cycle)
g - 3 poisoned darts (quivered)
Press: ? - help, Shift-Dir - straight line, f/p - worker ant
Aim: a worker ant (almost dead)
You throw a poisoned dart. The poisoned dart hits the worker ant.
The worker ant is almost dead.
The worker ant closely misses you.
Throwing (i - inventory. (/) - cycle)
g - 2 poisoned darts (quivered)
Press: ? - help, Shift-Dir - straight line, f/p - worker ant
Aim: a worker ant (almost dead)
You throw a poisoned dart. The poisoned dart hits the worker ant.
The worker ant is almost dead.
You feel sick. The worker ant bites you.
* * * LOW HITPOINT WARNING * * *
A jackal comes into view.
Throwing (i - inventory. (/) - cycle)
g - a poisoned dart (quivered)
Press: ? - help, Shift-Dir - straight line, f/p - worker ant
Aim: a worker ant (almost dead)
You throw a poisoned dart. The poisoned dart hits the worker ant.
The worker ant is almost dead.
The jackal barks!
* * * LOW HITPOINT WARNING * * *
You feel sick.
You hear a bark!
The worker ant bites you but does no damage.
A jackal comes into view.
Casting: Pain (safe; 16% risk of failure)
Confirm with . or Enter, or press ? or * to list all spells.
Aiming: Pain (safe; 16% risk of failure)
Press: ? - help, Shift-Dir - straight line, f/p - worker ant
Aim: a worker ant (almost dead, chance to defeat MR: 73%)
You miscast Pain.
You are very lightly contaminated with residual magic.
Strange energies run through your body.
The jackal barks!
* * * LOW HITPOINT WARNING * * *
You feel sick.
You hear a bark!
The worker ant bites you.
* * * LOW HITPOINT WARNING * * *
The worker ant bites you.
* * * LOW HITPOINT WARNING * * *
You are more poisoned.
The worker ant poisons you!
It was a potion of lignification.
You turn into a tree.
Your +2 helmet melds into your body.
Your +0 ring mail melds into your body.
Your roots penetrate the ground.
* * * LOW HITPOINT WARNING * * *
You feel sick.
A jackal comes into view.
The worker ant bites you.
You die...

......... .........
..h.....# ...h....#
h.......## .>.......# ####
.........#
###############...
#.h######...........>...##
##(.h(hha♣..÷.....#######
##################


You could see a worker ant and 4 jackals.

Vanquished Creatures
  A hound (D:2)
  Terence (D:2)
  An adder (D:2)
  2 oozes (D:2)
  A worm (D:2)
  2 leopard geckos
  A giant cockroach (D:1)
  5 goblins
  6 hobgoblins
  4 jackals
  A quokka (D:2)
  5 bats
  A frilled lizard (D:2)
  5 kobolds
  3 rats
39 creatures vanquished.

Notes
Turn   | Place    | Note
-------+----------+-------------------------------------------
     0 | D:1      | EnegeticOcto the Merfolk Necromancer began the quest for
                  | the Orb.
     0 | D:1      | Reached XP level 1. HP: 13/13 MP: 3/3
   138 | D:1      | Reached skill level 1 in Fighting
   186 | D:1      | Reached XP level 2. HP: 15/22 MP: 5/5
   768 | D:1      | Reached skill level 1 in Short Blades
   979 | D:1      | Reached skill level 3 in Dodging
  1100 | D:1      | Reached XP level 3. HP: 24/27 MP: 3/6
  1385 | D:2      | Noticed Terence
  1400 | D:2      | Killed Terence
  1516 | D:2      | Reached XP level 4. HP: 30/34 MP: 4/7
  1887 | D:2      | Found a burning altar of Makhleb.
  1895 | D:2      | Reached skill level 4 in Dodging
  2523 | D:2      | Noticed an angel
  2524 | D:2      | Found a glowing silver altar of Zin.
  2655 | D:3      | Reached XP level 5. HP: 38/41 MP: 2/8
  2828 | D:3      | HP: 2/41 [worker ant (2)]
  2829 | D:3      | Slain by a worker ant

Levels and vault maps discovered:
D:1:      kilobyte_arrival_exit_the_forest, layout_loops_ring, minmay_tromino_v2
D:2:      layout_basic, zin_angel, makhleb_heckhound_becter, uniq_terence
D:3:      layout_rooms, xom_redecorated, uniq_crazy_yiuf_cottage

Skill      XL: |  1  2  3  4 |
---------------+-------------+-----
Fighting       | 1 2 3 |  3.2
Short Blades   | 1 2 |  2.6
Dodging        | 3 4 |  4.0
Stealth        | |  2.1
Spellcasting   | |  2.0
Necromancy     | |  3.2

Action                   |  1- 3 |  4- 6 || total
-------------------------+-------+-------++-------
Melee: Club              |     6 |       ||     6
       Tailslap          |     1 |       ||     1
       Short sword       |    21 |    12 ||    33
Throw: Dart              |     7 |    22 ||    29
       Javelin           |       |     1 ||     1
 Cast: Pain              |    33 |    34 ||    67
  Use: Scroll            |       |     4 ||     4
       Potion            |       |     1 ||     1
  Eat: Chunk             |     2 |     5 ||     7
Armor: Robe              |     2 |       ||     2
       Ring mail         |    13 |     7 ||    20
Dodge: Dodged            |    21 |    23 ||    44
